 Dungeon Crawl Stone Soup version 0.30-a0-630-g881e3bac89 (webtiles) character file.

Game seed: 18095400111683872307

24648 Bnni the Unseen (level 13, -2/74 HPs)
             Began as a Vine Stalker Brigand on Jan 13, 2023.
             Was a Believer of Uskayaw.
             Shot with an arrow by Nessos (7 damage)
             ... on level 13 of the Dungeon.
             The game lasted 00:30:18 (10502 turns).

Bnni the Unseen (Vine Stalker Brigand)             Turns: 10502, Time: 00:30:19

Health: -2/74      AC: 17    Str: 18    XL:     13   Next: 14%
Magic:  0/20       EV: 10    Int: 11    God:    Uskayaw [**....]
Gold:   360        SH:  0    Dex: 20    Spells: 12/12 levels left

rFire   . . .      SeeInvis +    s - +1 dagger (venom)
rCold   . . .      Faith    .    (no shield)
rNeg    . . .      Spirit   +    h - +2 ring mail of Sif Muna's Benevolence {rPois Str+3}
rPois   +          Reflect  .    T - +1 hat {SInv}
rElec   .          Harm     .    q - +2 cloak
rCorr   .          Rampage  .    R - +0 pair of gloves
Will    +....                    G - +0 pair of boots
Stlth   ++++++                   (no amulet)
HPRegen 1.12/turn                P - +4 ring of protection
MPRegen 0.17/turn                J - ring of poison resistance

@: lethally poisoned (-2 -> -12)
A: fangs 3, regeneration 1, magic shield, antimagic bite, no potion heal 2
a: Renounce Religion, Stomp, Line Pass


You were on level 13 of the Dungeon.
You worshipped Uskayaw.
Uskayaw was aware of your devotion.
You visited 2 branches of the dungeon, and saw 14 of its levels.
You also visited: Sewer and Ossuary.

You collected 792 gold pieces.
You spent 432 gold pieces at shops.

Inventory:

Hand Weapons
 e - a +0 rapier
 o - a +1 dagger of holy wrath
 s - a +1 dagger of venom (weapon)
 Q - a +2 scimitar of flaming
Missiles
 d - 42 poisoned darts (quivered)
 j - a datura-tipped dart
Armour
 h - the +2 ring mail of Sif Muna's Benevolence (worn) {rPois Str+3}
   (You found it on level 2 of the Dungeon)

   Str:       It affects your strength (+3).
   rPois:     It protects you from poison.
 q - a +2 cloak (worn)
 G - a +0 pair of boots (worn)
 R - a +0 pair of gloves (worn)
 T - a +1 hat of see invisible (worn)
Jewellery
 a - a ring of protection from cold
 y - a ring of see invisible
 F - a ring of flight
 J - a ring of poison resistance (right hand)
 P - a +4 ring of protection (left hand)
 U - the ring "Vayreg" {Ice Str+4 Dex+5}
   (You found it on level 9 of the Dungeon)

   [ring of ice]

   It enhances your ice magic.
   Str:       It affects your strength (+4).
   Dex:       It affects your dexterity (+5).
   rF:        It makes you vulnerable to fire.
   rC:        It protects you from cold.
Wands
 v - a wand of charming (29)
 A - a wand of digging (6)
 C - a wand of flame (24)
 K - a wand of roots (18)
Scrolls
 b - 4 scrolls of fear
 c - 2 scrolls of immolation
 g - 2 scrolls of blinking
 i - 3 scrolls of enchant weapon
 k - 2 scrolls of magic mapping
 l - 4 scrolls of vulnerability
 p - a scroll of brand weapon
 u - 4 scrolls of enchant armour
 w - a scroll of fog
 I - 2 scrolls of poison
 L - 5 scrolls of teleportation {unknown}
 M - a scroll of torment
 N - 3 scrolls of amnesia
Potions
 f - 4 potions of lignification {unknown}
 m - 6 potions of haste
 n - 2 potions of flight {unknown}
 r - 2 potions of cancellation {unknown}
 t - 4 potions of mutation {unknown}
 x - 3 potions of degeneration {unknown}
 z - 4 potions of brilliance
 B - a potion of invisibility {unknown}
 D - 2 potions of attraction
 E - 11 potions of curing
 H - 2 potions of might {unknown}
 O - 4 potions of heal wounds
 S - a potion of resistance {unknown}


   Skills:
 + Level 11.0 Fighting
 - Level 10.0 Short Blades
 - Level 1.7 Throwing
 - Level 0.7 Dodging
 * Level 16.2 Stealth
 + Level 9.2 Invocations


You had 12 spell levels left.
You didn't know any spells.
Your spell library contained the following spells:

 Spells                   Type           Power      Damage    Failure   Level
 Beastly Appendage        Tmut           0%         N/A       54%         1
 Shock                    Conj/Air       0%         1d3       54%         1
 Blink                    Tloc           0%         N/A       67%         2
 Momentum Strike          Conj/Tloc      0%         3d8       67%         2
 Sublimation of Blood     Necr           0%         N/A       67%         2
 Wereblood                Tmut           0%         N/A       67%         2
 Ignite Poison            Fire/Tmut/Pois 0%         N/A       88%         3
 Kindle Blastsparks       Fire/Tloc/Air  0%         2d10      88%         3
 Lesser Beckoning         Tloc           0%         N/A       88%         3
 Spider Form              Tmut/Pois      0%         N/A       88%         3
 Swiftness                Air            0%         N/A       88%         3
 Airstrike                Air            0%         2d(0-16)  99%         4
 Animate Armour           Summ/Erth      0%         N/A       99%         4
 Summon Lightning Spire   Summ/Air       0%         N/A       99%         4
 Blade Hands              Tmut           0%         N/A       100%        5
 Freezing Cloud           Conj/Ice/Air   0%         6-21      100%        5
 Iron Shot                Conj/Erth      0%         9d1       100%        6
 Storm Form               Tmut/Air       0%         N/A       100%        7
 Summon Hydra             Summ           0%         N/A       100%        7
 Maxwell's Capacitive Co  Air            0%         ∞         100%        8


Dungeon Overview and Level Annotations

Branches:
Dungeon (13/15)            Temple (1/1) D:4            Lair (0/5) D:9
    Orc (0/2) D:12          Sewer (visited)         Ossuary (visited)
 Vaults: D:13-14

Altars:
Ashenzari
Cheibriados
Dithmenos
Elyvilon
Fedhas
Gozag
Hepliaklqana
Kikubaaqudgha
Makhleb
Nemelex Xobeh
Okawaru
Qazlal
Ru
Sif Muna
Trog
Uskayaw
Vehumet
Wu Jian
Xom
Yredelemnul
Zin
The Shining One

Shops:
D:2 !   D:7 =*!=   D:10 ?(

Annotations:
D:13 Nessos


Innate Abilities, Weirdness & Mutations

You have razor-sharp teeth.
Your natural rate of healing is unusually fast.
When hurt, damage is shared between your health and your magic reserves.
Your bite disrupts and absorbs the magic of your enemies.
Potions cannot restore your health.


Message History

You are more poisoned.
You feel very sick.
Nessos mumbles some strange words.
Nessos blinks!
The human hits you.
Unknown command.
You hit the human.
The human looks as sick as possible!
Your bite misses the human.
The human is almost dead.
You feel very sick. The human hits you.
Nessos casts a spell.
Nessos blinks!
You hit the human.
You kill the human!
You feel sick.
Nessos gestures wildly while chanting.
Nessos blinks!
You feel very sick.
Nessos shoots an arrow.
The arrow hits you! The arrow burns you.
* * * LOW HITPOINT WARNING * * *
Okay, then.
Okay, then.
Aiming: Fastroot
Press: ? - help, Shift-Dir - straight line Out of range.
Okay, then.
Aiming: Charm
Press: ? - help, Shift-Dir - straight line, f - Nessos
Aim: Nessos, wielding a +2 longbow of flaming and wearing a +1 barding (translocational energy, moderately wounded, fast, extremely poisoned, chance to affect: 49%) Nessos resists with some effort.
You feel very sick.
Nessos shoots an arrow.
The arrow hits you.
* * * LOW HITPOINT WARNING * * *
The arrow burns you.
You are more poisoned.
* * * LOW HITPOINT WARNING * * *
Nessos shoots an arrow.
The arrow hits you!
* * * LOW HITPOINT WARNING * * *
The arrow burns you!
You die...

#...........#........#........
#...........#........+........
#...........#........#.......)
#...........#........#........
#...........#........#........
###...........##########........
#.....#+###..........#.#########
#.....'...#..........#.(..#....#
#.....#...'....@.....#....#....'
#.....#..÷#..........#....'....#
#.....#.###...<......##'###....#
.#######.#########'##.[....#....#
................#...+..c...#.....
................#...#......#.....
................#...#......#.....
#####c#####+#####...#......######
###....# #...##.......


You could see Nessos (fast, extremely poisoned).

Vanquished Creatures
  Gastronok (D:8)
  A boulder beetle (D:11)
  Erica (D:8)
  2 centaur warriors
  A death yak (D:11)
  A two-headed ogre (D:9)
  2 tengu warriors (D:13)
  Nergalle (D:11)
  The ghost of bosakos the Carver, a novice MiGl (D:7)
  A deep elf pyromancer (D:13)
  3 ugly things
  3 manticores
  3 cyclopes
  A gargoyle (D:11)
  2 unseen horrors
  A freezing wraith (D:9)
  A troll (D:9)
  4 polar bears (D:11)
  Grinder (D:4)
  2 hornets (D:9)
  Prince Ribbit (D:7)
  3 slime creatures (D:12)
  11 yaks
  A jumping spider (shapeshifter) (D:12)
  Eustachio (D:4)
  4 wraiths
  3 wyverns
  4 humans (D:13)
  3 steam dragons
  3 water moccasins
  2 orc warriors
  7 black bears
  An ogre (D:6)
  10 centaurs
  A phantom (D:5)
  2 elf zombies (Ossuary)
  2 kobold brigands
  7 bullfrogs
  A gnoll sergeant (D:9)
  4 scorpions
  15 killer bees
  9 howler monkeys
  A centaur zombie (Ossuary)
  2 human zombies (Ossuary)
  A gnoll bouda (D:8)
  An orc priest (D:13)
  5 hounds
  A jelly (D:6)
  2 iguanas
  Jessica (D:2)
  Ijyb (D:4)
  9 orc wizards
  3 hound zombies (Ossuary)
  3 mummies (Ossuary)
  Robin (D:4)
  7 adders
  6 gnolls
  3 shadow imps
  A white imp (D:5)
  An ufetubus (D:5)
  3 adder zombies (Ossuary)
  2 worms
  3 dart slugs
  42 orcs
  8 ball pythons
  10 bats
  An endoplasm (D:1)
  7 giant cockroaches
  3 gnoll zombies (Ossuary)
  25 goblins
  13 hobgoblins
  7 jackals
  4 quokkas
  3 frilled lizards
  3 goblin zombies (Ossuary)
  4 hobgoblin zombies (Ossuary)
  2 jackal zombies (Ossuary)
  21 kobolds
  A kobold zombie (Ossuary)
  2 orc zombies (Ossuary)
  4 quokka zombies (Ossuary)
  3 rats
  7 rat zombies (Ossuary)
355 creatures vanquished.

Vanquished Creatures (collateral kills)
  An orc knight (D:13)
  8 humans (D:13)
  An acid dragon (D:13)
  An orc (D:5)
11 creatures vanquished.

Vanquished Creatures (others)
  A gnoll (D:5)
  A plant (D:4)
2 creatures vanquished.

Grand Total: 368 creatures vanquished

Notes
Turn   | Place    | Note
-------+----------+-------------------------------------------
     0 | D:1      | Bnni the Vine Stalker Brigand began the quest for the Orb.
     0 | D:1      | Reached XP level 1. HP: 11/11 MP: 2/2
    83 | D:1      | Reached XP level 2. HP: 13/15 MP: 3/3
   557 | D:2      | Reached XP level 3. HP: 15/18 MP: 2/4
   674 | D:2      | Identified the +2 ring mail of Sif Muna's Benevolence
                  | {rPois Str+3}
   726 | D:2      | Noticed Jessica
   743 | D:2      | Killed Jessica
   744 | D:2      | Gained mutation: Your natural rate of healing is unusually
                  | fast. [Vine Stalker growth]
   744 | D:2      | Reached XP level 4. HP: 19/23 MP: 3/5
  1103 | D:2      | Found Ufynkarph's Distillery.
  1514 | D:3      | Found a burning altar of Makhleb.
  1519 | D:3      | Found a glowing silver altar of Zin.
  1519 | D:3      | Noticed an angel
  1521 | D:3      | Noticed a cacodemon
  1547 | D:3      | Found a glowing drain.
  1573 | Sewer    | Entered a sewer
  1626 | Sewer    | Noticed a water moccasin
  1646 | Sewer    | Killed a water moccasin
  1647 | Sewer    | Reached XP level 5. HP: 21/28 MP: 6/6
  1780 | D:3      | Reached XP level 6. HP: 26/32 MP: 3/7
  2096 | D:4      | Found a staircase to the Ecumenical Temple.
  2099 | D:4      | Reached skill level 5 in Short Blades
  2125 | Temple   | Entered the Ecumenical Temple
  2270 | D:4      | Noticed Eustachio
  2277 | D:4      | Noticed Robin
  2297 | D:4      | Killed Eustachio
  2298 | D:4      | Reached XP level 7. HP: 37/37 MP: 8/8
  2329 | D:4      | Killed Robin
  2558 | D:4      | Noticed Ijyb
  2563 | D:4      | Killed Ijyb
  2690 | D:4      | Noticed Grinder
  2694 | D:4      | Paralysed by Grinder for 5 turns
  2713 | D:4      | Paralysed by Grinder for 4 turns
  2720 | D:4      | Paralysed by Grinder for 3 turns
  2724 | D:4      | Killed Grinder
  2942 | D:5      | Entered Level 5 of the Dungeon
  3021 | D:5      | Gained mutation: You have razor-sharp teeth. [Vine Stalker
                  | growth]
  3021 | D:5      | Reached XP level 8. HP: 42/42 MP: 9/9
  3028 | D:5      | Reached skill level 5 in Fighting
  3214 | D:5      | Found a sand-covered staircase.
  3220 | Ossuary  | Entered an ossuary
  3619 | D:5      | Found a stormy altar of Qazlal.
  3625 | D:5      | Found a blossoming altar of Fedhas.
  3630 | D:5      | Found a shimmering altar of Xom.
  4085 | D:6      | Reached XP level 9. HP: 48/48 MP: 10/10
  4709 | D:7      | Noticed Prince Ribbit
  4718 | D:7      | Killed Prince Ribbit
  4798 | D:7      | Found an ancient bone altar of Kikubaaqudgha.
  4798 | D:7      | Found a hide-covered altar of Uskayaw.
  4804 | D:7      | Found a snail-covered altar of Cheibriados.
  4805 | D:7      | Found a glowing golden altar of the Shining One.
  4806 | D:7      | Found a broken altar of Ashenzari.
  4809 | D:7      | Became a worshipper of Uskayaw the Reveller
  4811 | D:7      | Found an opulent altar of Gozag.
  4815 | D:7      | Found a sparkling altar of Nemelex Xobeh.
  4819 | D:7      | Found a shimmering blue altar of Sif Muna.
  4822 | D:7      | Found a basalt altar of Yredelemnul.
  4866 | D:7      | Reached * piety under Uskayaw
  4878 | D:7      | Reached ** piety under Uskayaw
  4881 | D:7      | Reached skill level 1 in Invocations
  5088 | D:7      | Found Otickiz's Distillery.
  5090 | D:7      | Found Gofic's Jewellery Emporium.
  5091 | D:7      | Found Diywuti's General Store.
  5092 | D:7      | Found Raumpuiw's Jewellery Emporium.
  5112 | D:7      | Bought a +4 ring of protection for 432 gold pieces
  5301 | D:7      | Found a large runed translucent door.
  5301 | D:7      | Found a large runed translucent door.
  5303 | D:7      | Noticed bosakos's ghost (novice MiGl)
  5342 | D:7      | Reached *** piety under Uskayaw
  5345 | D:7      | Reached **** piety under Uskayaw
  5658 | D:7      | Killed bosakos's ghost
  5659 | D:7      | Reached skill level 10 in Short Blades
  5770 | D:8      | Noticed Erica
  5786 | D:8      | Killed Erica
  5787 | D:8      | Reached skill level 6 in Stealth
  5787 | D:8      | Reached XP level 10. HP: 56/56 MP: 13/13
  6161 | D:8      | Reached skill level 7 in Stealth
  6175 | D:8      | Reached ***** piety under Uskayaw
  6489 | D:8      | Noticed Gastronok
  6514 | D:8      | Killed Gastronok
  6515 | D:8      | Reached skill level 8 in Stealth
  6871 | D:9      | Reached skill level 9 in Stealth
  6892 | D:9      | Reached skill level 5 in Invocations
  6968 | D:9      | Reached XP level 11. HP: 58/60 MP: 13/15
  7041 | D:9      | Found a staircase to the Lair.
  7076 | D:9      | Noticed a two-headed ogre
  7078 | D:9      | Reached skill level 10 in Stealth
  7088 | D:9      | Noticed a centaur warrior
  7098 | D:9      | Killed a centaur warrior
  7138 | D:9      | Noticed a green ugly thing
  7138 | D:9      | Noticed a white ugly thing
  7158 | D:9      | Killed a white ugly thing
  7162 | D:9      | Noticed a manticore
  7183 | D:9      | Killed a cyan ugly thing
  7185 | D:9      | Killed a manticore
  7186 | D:9      | Reached skill level 11 in Stealth
  7325 | D:9      | Killed a two-headed ogre
  7390 | D:9      | Identified the +7 spear "Nyofiov" {heavy, rC+ Int+6}
  7532 | D:9      | Identified the ring "Vayreg" {Ice Str+4 Dex+5}
  7592 | D:10     | Entered Level 10 of the Dungeon
  7634 | D:10     | Reached skill level 12 in Stealth
  7649 | D:10     | Found Igotimm's Magic Scroll Boutique.
  7738 | D:10     | Found Amasuure's Weapon Shop.
  8389 | D:11     | Noticed a boulder beetle
  8413 | D:11     | Killed a boulder beetle
  8448 | D:11     | Found a huge runed translucent gate.
  8449 | D:11     | Found a huge runed translucent gate.
  8450 | D:11     | Found a huge runed translucent gate.
  8450 | D:11     | Noticed a manticore
  8450 | D:11     | Noticed a manticore
  8463 | D:11     | Found a huge runed translucent gate.
  8464 | D:11     | Noticed a death yak
  8539 | D:11     | Noticed Nergalle
  8573 | D:11     | Killed Nergalle
  8574 | D:11     | Reached skill level 13 in Stealth
  8574 | D:11     | Reached XP level 12. HP: 50/67 MP: 15/18
  9012 | D:11     | Reached skill level 10 in Fighting
  9071 | D:11     | Killed a death yak
  9125 | D:11     | Reached skill level 14 in Stealth
  9445 | D:12     | Found a staircase to the Orcish Mines.
  9994 | D:13     | Reached skill level 15 in Stealth
 10007 | D:13     | Noticed a centaur warrior
 10029 | D:13     | Killed a centaur warrior
 10100 | D:13     | Noticed a tengu warrior
 10101 | D:13     | Noticed a tengu warrior
 10124 | D:13     | Killed a tengu warrior
 10159 | D:13     | Killed a tengu warrior
 10160 | D:13     | Reached XP level 13. HP: 39/73 MP: 16/20
 10273 | D:13     | Noticed Nessos
 10279 | D:13     | Reached skill level 16 in Stealth
 10502 | D:13     | Shot with an arrow by Nessos

Illustrated notes

Levels and vault maps discovered:
D:1:      erik_arrival_triangle_medium, layout_rooms
D:2:      layout_basic, serial_shops, nicolae_lakefront_shop,
          kennysheep_another_room, uniq_jessica
D:3:      layout_rooms, grunt_temple_overflow_order_and_chaos_2,
          portal_sewer_entry_a
D:4:      corexii_shantytown, layout_basic, minmay_temple_entry_steel_oval,
          skrybe_limestone_x, uniq_grinder, uniq_robin, uniq_ijyb,
          uniq_eustachio
D:5:      layout_rooms, minmay_overflow_temple_star_quad,
          nicolae_ossuary_entry_plus
D:6:      layout_loops_ring, uniq_sigmund
D:7:      layout_loops_ring, nicolae_overflow_hallway_of_the_gods,
          ebering_ghost_disaster_area, minmay_shop_grid_forest,
          uniq_prince_ribbit1
D:8:      layout_loops_corners, nicolae_nh_ransacked_shop, uniq_erica,
          uniq_gastronok
D:9:      layout_cave_pools, lair_entry_dummy, minmay_the_grid_2x2
          [minmay_the_grid_spikes, minmay_the_grid_paths,
          minmay_the_grid_spin_star, minmay_the_grid_prize_trominoes]
D:10:     layout_stronghold, serial_shops, shop, nicolae_stop_n_shop_2
D:11:     lemuel_bear_cage, layout_gridville, uniq_nergalle
D:12:     layout_irregular_city, david_orc_2
D:13:     layout_gridville, david_vaults_3, uniq_rupert
Temple:   nicolae_temple_two_arcs

Skill      XL: |  1  2  3  4  5  6  7  8  9 10 11 12 13 |
---------------+----------------------------------------+-----
Short Blades   | 2 3 4 5 6 8 10 | 10.0
Fighting       | 2 3 4 6 7 8 9 10 11 | 11.0
Invocations    | 3 5 7 8 9 |  9.2
Stealth        | 6 9 13 15 16 | 16.2
Throwing       | |  1.7
Dodging        | |  0.7

Action                   |  1- 3 |  4- 6 |  7- 9 | 10-12 | 13-15 || total
-------------------------+-------+-------+-------+-------+-------++-------
Melee: Dagger            |    69 |   150 |   383 |   675 |    32 ||  1309
       Bite              |    18 |    46 |   191 |   273 |    12 ||   540
       Punch             |     1 |     2 |    10 |    12 |       ||    25
       Rapier            |       |       |   171 |     2 |       ||   173
Throw: Dart              |       |     1 |     6 |     7 |     1 ||    15
Invok: Line Pass         |       |       |     3 |     1 |       ||     4
Evoke: Wand              |       |       |       |     5 |     2 ||     7
  Use: Scroll            |       |     5 |     9 |     3 |     4 ||    21
       Potion            |       |       |       |       |     1 ||     1
 Stab: Sleeping          |     3 |     9 |    12 |    11 |       ||    35
       Distracted        |       |       |     4 |     7 |       ||    11
       Paralysed         |       |       |     3 |    37 |     1 ||    41
       Confused          |       |       |       |     1 |       ||     1
Armor: Leather armour    |    14 |       |       |       |       ||    14
       Robe              |     1 |       |       |       |       ||     1
       Ring mail         |    10 |    99 |   220 |   303 |    21 ||   653
Dodge: Dodged            |    39 |    94 |   184 |   222 |    12 ||   551

Table legend: (Time is in decaauts)
 A = Elapsed time spent in this place.
 B = Non-inter-level travel time spent in this place.
 C = Inter-level travel time spent in this place.
 D = Time resting spent in this place.
 E = Time spent auto-exploring this place.
 F = Levels seen in this place.
 G = Mean time per level.
                   A        B        C        D        E       F      G
               +--------+--------+--------+--------+--------+-----+--------+
         Total |   9934 |   9679 |    255 |    302 |   6857 |  16 |  620.9 |
       Dungeon |   9360 |   9111 |    249 |    302 |   6527 |  13 |  720.0 |
        Temple |    136 |    130 |      6 |      0 |    126 |   1 |  136.0 |
         Sewer |    131 |    131 |      0 |      0 |     73 |   1 |  131.0 |
       Ossuary |    306 |    306 |      0 |      0 |    130 |   1 |  306.0 |
               +--------+--------+--------+--------+--------+-----+--------+

Top non-repeatable levels by time:
     D:7: 1016 daAuts
     D:8: 998 daAuts
     D:2: 931 daAuts
    D:11: 869 daAuts
    D:12: 827 daAuts
     D:6: 778 daAuts
     D:4: 771 daAuts
     D:9: 692 daAuts
    D:10: 692 daAuts
     D:5: 585 daAuts
     D:1: 463 daAuts
     D:3: 436 daAuts
 Ossuary: 306 daAuts
    D:13: 296 daAuts
  Temple: 136 daAuts
